 Dungeon Sprint DCSS version 0.30-a0-219-gf2db51d15e (webtiles) character file.

Game seed: 5738553769226673105

711 rocky1 the Cleaver (level 7, -6/66 HPs)
             Began as an Ogre Gladiator on Oct 7, 2022.
             Was a Believer of Okawaru.
             Mangled by a tyrant leech (33 damage)
             ... in the Dungeon (Sprint VII: "The Pits").
             The game lasted 00:03:12 (1270 turns).

rocky1 the Cleaver (Ogre Gladiator)                 Turns: 1270, Time: 00:03:12

Health: -6/66      AC:  3    Str: 21    XL:     7   Next: 68%
Magic:  7/7        EV: 10    Int:  9    God:    Okawaru [**....]
Gold:   0          SH:  0    Dex: 10    Spells: 6/6 levels left

rFire   . . .      SeeInvis .    a - +0 war axe
rCold   . . .      Faith    .    (no shield)
rNeg    . . .      Spirit   .    b - +0 robe
rPois   .          Reflect  .    c - +0 hat
rElec   .          Harm     .    (no cloak)
rCorr   .          Rampage  .    (gloves unavailable)
Will    .....      NoTele   +    (boots unavailable)
Stlth   +.........               (no amulet)
HPRegen 0.31/turn                (no ring)
MPRegen 0.10/turn                (no ring)

@: on berserk cooldown, slowed, invisible, very slow
A: large, unfitting armour, tough skin 1
a: Renounce Religion, Heroism


You were in the Dungeon.
You worshipped Okawaru.
Okawaru was pleased with you.
You visited 1 branch

Inventory:

Hand Weapons
 a - a +0 war axe (weapon)
 n - a +0 mace of protection
Missiles
 d - 2 throwing nets (quivered)
 e - a large rock
 o - 3 boomerangs
Armour
 b - a +0 robe (worn)
 c - a +0 hat (worn)
Scrolls
 k - a scroll of blinking
 m - 5 scrolls of amnesia
Potions
 f - 4 potions of curing
 g - a potion of heal wounds
 h - a potion of haste
 i - 4 potions of magic
 j - a potion of berserk rage
 l - a potion of invisibility


   Skills:
 - Level 2.6 Fighting
 + Level 11.9(13.8) Axes
 + Level 10.5(12.5) Maces & Flails
 - Level 2.0 Throwing
 - Level 2.6 Dodging


You had 6 spell levels left.
You didn't know any spells.
Your spell library was empty.

Dungeon Overview and Level Annotations

Branches:
Dungeon (1/1)

Altars:
Ashenzari
Cheibriados
Dithmenos
Elyvilon
Fedhas
Gozag
Hepliaklqana
Kikubaaqudgha
Makhleb
Nemelex Xobeh
Okawaru
Qazlal
Ru
Sif Muna
Trog
Uskayaw
Vehumet
Wu Jian
Xom
Yredelemnul
Zin
The Shining One
Jiyva
Lugonu


Innate Abilities, Weirdness & Mutations

You are too large for most types of armour.
You have tough skin. (AC +1)


Message History

The tyrant leech is lightly wounded.
A rat comes into view.
The rat moves out of view.
There is an open door, spattered with blood here.
You feel a strong urge to attack something.
The tyrant leech barely misses you.
You see here a hound corpse.
There is an open door, spattered with blood here.
You closely miss the tyrant leech.
The tyrant leech is lightly wounded.
The tyrant leech bites you!!
The tyrant leech draws strength from your injuries!
You slash the tyrant leech!
The tyrant leech is lightly wounded.
You barely miss the tyrant leech.
The tyrant leech is lightly wounded.
The tyrant leech completely misses you.
You barely miss the tyrant leech.
The tyrant leech is lightly wounded.
You catch the helpless tyrant leech completely off-guard!
You hit the tyrant leech.
The tyrant leech is lightly wounded.
The tyrant leech bites you but does no damage.
You closely miss the tyrant leech.
The tyrant leech is lightly wounded.
You slash the tyrant leech!
The tyrant leech is heavily wounded.
The tyrant leech bites you but does no damage.
You catch the helpless tyrant leech completely off-guard!
You slice the tyrant leech!!
The tyrant leech is severely wounded.
You are no longer berserk.
You are exhausted.
You feel yourself slow down.
You catch the helpless tyrant leech completely off-guard!
You hit the tyrant leech.
The tyrant leech is almost dead.
The tyrant leech bites you!!
Ouch! That really hurt!
You die...

#.#..[)))..##.......#
#.#..[))...##.......#
#'###########.......#
#.÷.....#..##########
#..###..#)######
#.......#)#....#
##.###.##'#....#
#.......#†w....+
#..###..#@#....#
#..)....'.#....#
########### ####


You could see a tyrant leech (unable to see you).

Vanquished Creatures
  A fire bat (D)
  A water moccasin (D)
  An ice beast (D)
  A wolf (D)
  A scorpion (D)
  3 wights (D)
  A hound (D)
  An iron imp (D)
  A gnoll (D)
  An adder skeleton (D)
  2 orcs (D)
  A ball python (D)
  A bat skeleton (D)
  2 endoplasms (D)
  6 jackals (D)
  A ball python skeleton (D)
  A bat (D)
  A rat (D)
27 creatures vanquished.

Notes
Turn   | Place    | Note
-------+----------+-------------------------------------------
     0 | D        | rocky1 the Ogre Gladiator began the quest for the Orb.
     0 | D        | Reached XP level 1. HP: 22/22 MP: 1/1
    15 | D        | Reached skill level 4 in Axes
    15 | D        | Reached XP level 2. HP: 16/29 MP: 2/2
    69 | D        | Found a bloodstained altar of Trog.
    69 | D        | Found a shimmering blue altar of Sif Muna.
    69 | D        | Found a viscous altar of Jiyva.
    69 | D        | Found a hazy altar of Hepliaklqana.
    69 | D        | Found an opulent altar of Gozag.
    70 | D        | Found a glowing golden altar of the Shining One.
    70 | D        | Found a glowing silver altar of Zin.
    70 | D        | Found a basalt altar of Yredelemnul.
    70 | D        | Found a shimmering altar of Xom.
    70 | D        | Found an ornate altar of the Wu Jian Council.
    70 | D        | Found a sacrificial altar of Ru.
    70 | D        | Found a stormy altar of Qazlal.
    70 | D        | Found an iron altar of Okawaru.
    70 | D        | Found a sparkling altar of Nemelex Xobeh.
    70 | D        | Found a burning altar of Makhleb.
    70 | D        | Found a blossoming altar of Fedhas.
    70 | D        | Found a white marble altar of Elyvilon.
    70 | D        | Found a shadowy altar of Dithmenos.
    70 | D        | Found a snail-covered altar of Cheibriados.
    73 | D        | Found a corrupted altar of Lugonu.
    73 | D        | Found a radiant altar of Vehumet.
    74 | D        | Found an ancient bone altar of Kikubaaqudgha.
    74 | D        | Found a hide-covered altar of Uskayaw.
    74 | D        | Found a broken altar of Ashenzari.
    82 | D        | Became a worshipper of Warmaster Okawaru
   270 | D        | Noticed a scorpion
   276 | D        | Reached skill level 5 in Axes
   276 | D        | Reached XP level 3. HP: 22/36 MP: 3/3
   279 | D        | Killed a scorpion
   280 | D        | Reached skill level 6 in Axes
   280 | D        | Reached skill level 5 in Maces & Flails
   280 | D        | Reached XP level 4. HP: 22/44 MP: 4/4
   409 | D        | Noticed an ice beast
   414 | D        | Killed an ice beast
   415 | D        | Reached skill level 8 in Axes
   415 | D        | Reached XP level 5. HP: 17/50 MP: 5/5
   533 | D        | Noticed a water moccasin
   555 | D        | Killed a water moccasin
   555 | D        | Reached * piety under Okawaru
   556 | D        | Reached skill level 9 in Axes
   556 | D        | Reached XP level 6. HP: 17/59 MP: 6/6
   776 | D        | Reached skill level 10 in Axes
  1130 | D        | Noticed a fire bat
  1137 | D        | Reached XP level 7. HP: 66/66 MP: 7/7
  1140 | D        | Reached skill level 11 in Axes
  1144 | D        | Killed a fire bat
  1144 | D        | Reached ** piety under Okawaru
  1145 | D        | Reached skill level 10 in Maces & Flails
  1248 | D        | Noticed a tyrant leech
  1270 | D        | Mangled by a tyrant leech

Illustrated notes

Levels and vault maps discovered:
D:        pitsprint [storerooms_1, entrance_room_1, metal_vault_1, armoury_2,
          mini_pit_1, grid_room_1, main_hall_1, silver_pit, the_coven_1,
          the_vestibule_1, steel_vault_5, golden_pit, hallway_of_sentries,
          crystal_vault_2, iron_vault_5, final_vault]

Skill      XL: |  1  2  3  4  5  6  7 |
---------------+----------------------+-----
Axes           | 4 5 6 8 9 10 11 | 11.9
Maces & Flails | 2 3 5 7 8 9 10 | 10.5
Fighting       | |  2.6
Throwing       | |  2.0
Dodging        | |  2.6

Action                   |  1- 3 |  4- 6 |  7- 9 || total
-------------------------+-------+-------+-------++-------
Melee: War axe           |    21 |    54 |    23 ||    98
Throw: Throwing net      |     1 |     2 |       ||     3
       Large rock        |       |     1 |       ||     1
  Use: Potion            |       |     8 |     2 ||    10
 Stab: Sleeping          |       |     1 |       ||     1
       Invisible         |       |       |     4 ||     4
Armor: Robe              |     5 |    12 |     3 ||    20
Dodge: Dodged            |    10 |    31 |     5 ||    46

Table legend: (Time is in decaauts)
 A = Elapsed time spent in this place.
 B = Non-inter-level travel time spent in this place.
 C = Inter-level travel time spent in this place.
 D = Time resting spent in this place.
 E = Time spent auto-exploring this place.
 F = Levels seen in this place.
 G = Mean time per level.
                   A        B        C        D        E       F      G
               +--------+--------+--------+--------+--------+-----+--------+
         Total |   1276 |   1265 |     11 |    981 |      0 |   1 | 1276.0 |
       Dungeon |   1276 |   1265 |     11 |    981 |      0 |   1 | 1276.0 |
               +--------+--------+--------+--------+--------+-----+--------+

Top non-repeatable levels by time:
       D: 1276 daAuts
